 Dungeon Crawl Stone Soup version 0.20-a0-303-g575bbf7 (webtiles) character file.

429 gamerape the Poker (level 6, -2/49 HPs)
             Began as a Merfolk Gladiator on Dec 16, 2016.
             Was an Initiate of Fedhas.
             Slain by a bullfrog zombie (3 damage)
             ... on level 5 of the Dungeon.
             The game lasted 00:11:08 (2996 turns).

gamerape the Poker (Merfolk Gladiator)              Turns: 2996, Time: 00:11:09

Health: -2/49      AC:  6    Str: 15    XL:     6   Next: 98%
Magic:  6/6        EV: 20    Int:  8    God:    Fedhas [......]
Gold:   139        SH:  5    Dex: 21    Spells: 5/5 levels left

rFire  . . .     SeeInvis .     a - +0 trident
rCold  . . .     Gourm    .     b - +0 leather armour
rNeg   . . .     Faith    .     j - +0 buckler
rPois  .         Spirit   .     c - +0 helmet
rElec  .         Reflect  .     r - +0 cloak
rCorr  .         Harm     .     (no gloves)
MR     .....                    m - +0 pair of boots
Stlth  ++++......               (no amulet)
                                o - ring of wizardry (curse)
                                n - ring of stealth

@: agile, flying
A: change form in water, swift swim, stealthy swim
a: Fungal Bloom, Renounce Religion


You were on level 5 of the Dungeon.
You worshipped Fedhas.
Fedhas was noncommittal.
You were not hungry.

You visited 1 branch of the dungeon, and saw 4 of its levels.

You collected 139 gold pieces.

Inventory:

Hand Weapons
 a - a +0 trident (weapon)
Missiles
 d - 3 throwing nets
 p - 5 tomahawks (quivered)
Armour
 b - a +0 leather armour (worn)
 c - a +0 helmet (worn)
 j - a +0 buckler (worn)
 m - a +0 pair of boots (worn)
 r - a +0 cloak (worn)
Jewellery
 n - a ring of stealth (left hand)
 o - a cursed ring of wizardry (right hand)
Scrolls
 e - 2 scrolls of enchant armour {unknown}
 i - a scroll of teleportation {unknown}
 k - a scroll of noise {unknown}
 l - 3 scrolls of amnesia {unknown}
 q - 2 scrolls of recharging {unknown}
 s - a scroll of identify {unknown}
Comestibles
 f - 3 bread rations
 t - 2 meat rations


   Skills:
 * Level 4.6 Fighting
 * Level 7.0 Polearms
 + Level 3.1 Throwing
 + Level 5.4 Dodging
 - Level 0.2 Stealth
 + Level 1.8 Shields


You had 5 spell levels left.
You didn't know any spells.

Dungeon Overview and Level Annotations

Branches:
Dungeon (3/15)

Altars:
Fedhas
Zin


Message History

The bullfrog zombie closely misses you. The hound bites you.
* * * LOW HITPOINT WARNING * * *
You hit the hound but do no damage.
The hound is severely wounded.
The bullfrog zombie misses you. You block the hound's attack.
The bullfrog zombie misses you.
The bullfrog zombie hits you but does no damage.
You block the hound's attack.
You feel agile all of a sudden.
The bullfrog zombie hits you but does no damage.
The hound closely misses you. The bullfrog zombie hits you.
* * * LOW HITPOINT WARNING * * *
The bullfrog zombie completely misses you.
You miss the hound.
The hound is severely wounded.
The hound misses you. The bullfrog zombie hits you.
* * * LOW HITPOINT WARNING * * *
The bullfrog zombie hits you.
You die...
Fedhas appreciates your contribution to the ecosystem.

#..............#
#..............###
#######...........
#........... ####
#.######.... #....
#.# .... #....#
#.# ...
##.....###.# ..
......h@Z..#
....###Z#### .


.OZ ..... ....... ######### You could see an ogre, a hound, a leopard gecko
zombie and 2 bullfrog zombies.

Vanquished Creatures
  An ice beast (D:5)
  A sky beast (D:5)
  A hound (D:5)
  An iguana (D:5)
  Natasha (thrice) (D:2)
  Robin (D:2)
  A howler monkey skeleton (D:5)
  2 adders (D:2)
  An ooze (D:2)
  4 worms (D:2)
  A dart slug (D:1)
  2 leopard geckos (D:1)
  3 giant cockroaches
  15 goblins
  8 hobgoblins
  A jackal (D:2)
  3 quokkas (D:2)
  4 bats
  5 frilled lizards
  5 kobolds
  8 rats
71 creatures vanquished.

Notes
Turn   | Place    | Note
-------+----------+-------------------------------------------
     0 | D:1      | gamerape the Merfolk Gladiator began the quest for the Orb.
     0 | D:1      | Reached XP level 1. HP: 16/16 MP: 1/1
   260 | D:1      | Reached XP level 2. HP: 13/23 MP: 2/2
   519 | D:1      | Reached skill level 5 in Polearms
   723 | D:1      | Reached XP level 3. HP: 28/28 MP: 3/3
  1283 | D:2      | Reached XP level 4. HP: 35/35 MP: 4/4
  1323 | D:2      | Noticed Natasha
  1329 | D:2      | Killed Natasha
  1584 | D:2      | Noticed Robin
  1768 | D:2      | Reached XP level 5. HP: 41/41 MP: 5/5
  1793 | D:2      | Killed Robin
  1800 | D:2      | Reached skill level 6 in Polearms
  2318 | D:2      | Found a glowing silver altar of Zin.
  2319 | D:2      | Noticed Natasha
  2356 | D:2      | Killed Natasha
  2367 | D:2      | Found a blossoming altar of Fedhas.
  2373 | D:2      | Became a worshipper of Fedhas Madash
  2583 | D:2      | Noticed Natasha
  2594 | D:2      | Killed Natasha
  2594 | D:2      | Reached skill level 5 in Dodging
  2635 | D:3      | You fall through a shaft for 2 floors!
  2635 | D:5      | Entered Level 5 of the Dungeon
  2641 | D:5      | Reached skill level 1 in Shields
  2659 | D:5      | Reached XP level 6. HP: 44/48 MP: 6/6
  2677 | D:5      | Noticed an ice beast
  2690 | D:5      | Killed an ice beast
  2713 | D:5      | Noticed a sky beast
  2841 | D:5      | Killed a sky beast
  2841 | D:5      | Reached skill level 7 in Polearms
  2996 | D:5      | HP: 1/49 [bullfrog zombie (3)]
  2996 | D:5      | Slain by a bullfrog zombie

Vault maps used:
D:1:      ncdulo_lavacross
D:2:      gammafunk_temple_overflow_statue, first_bread, minmay_heptomino_h4,
          uniq_robin, uniq_natasha
D:3:      portal_sewer_entry_b
D:5:      old_forge, guppyfry_shop_venom, uniq_sigmund

Skill      XL: |  1  2  3  4  5  6 |
---------------+-------------------+-----
Polearms       | 5 6 7 |  7.0
Fighting       | 3 4 |  4.6
Dodging        | 5 |  5.4
Shields        | 1 |  1.8
Throwing       | 3 |  3.1
Stealth        | |  0.2

Action                   |  1- 3 |  4- 6 || total
-------------------------+-------+-------++-------
Melee: Trident           |    97 |   224 ||   321
Throw: Throwing net      |       |     1 ||     1
       Tomahawk          |       |     6 ||     6
Invok: Fungal Bloom      |       |     2 ||     2
  Use: Scroll            |     1 |       ||     1
       Potion            |       |     7 ||     7
 Stab: Sleeping          |     1 |     2 ||     3
  Eat: Chunk             |     1 |     6 ||     7
Armor: Leather armour    |    12 |    32 ||    44
Dodge: Dodged            |    37 |   119 ||   156
Block: Buckler           |     9 |    30 ||    39
